 Dungeon Crawl Stone Soup version 0.27-a0-531-gb72ec1a1b6 (webtiles) character file.

Game seed: 17197400215773278300

2550 porpoise the Carver (level 9, -2/63 HPs)
             Began as an Octopode Fighter on Mar 5, 2021.
             Was a Believer of Okawaru.
             Slain by a sky beast (4 damage)
             ... on level 7 of the Dungeon on Mar 6, 2021.
             The game lasted 00:20:46 (9746 turns).

porpoise the Carver (Octopode Fighter)              Turns: 9746, Time: 00:20:47

Health: -2/63      AC:  1    Str: 16    XL:     9   Next: 56%
Magic:  11/11      EV: 13    Int: 10    God:    Okawaru [**....]
Gold:   368        SH:  9    Dex: 14    Spells: 8/8 levels left

rFire    . . .     SeeInvis .   a - +0 scimitar
rCold    . . .     Faith    .   u - +0 kite shield
rNeg     . . .     Spirit   .   (helmet restricted)
rPois    .         Reflect  .   (no amulet)
rElec    .         Harm     .   l - ring of willpower
rCorr    .         Rampage  .   (no ring)
Will     +....                  (no ring)
Stlth    +++.......             (no ring)
HPRegen  0.20/turn              (no ring)
MPRegen  0.12/turn              (no ring)
                                (no ring)
                                (no ring)

@: marked
A: almost no armour, amphibious, 8 rings, constrict 8, camouflage 1, gelatinous
body 1, nimble swimmer 1
a: Renounce Religion, Heroism


You were on level 7 of the Dungeon.
You worshipped Okawaru.
Okawaru was pleased with you.
You visited 2 branches of the dungeon, and saw 8 of its levels.

You collected 368 gold pieces.

Inventory:

Hand Weapons
 a - a +0 scimitar (weapon)
 b - a +0 hunting sling
 A - a +1 long sword
 E - a +5 spear
Missiles
 j - 233 stones (quivered)
 q - 37 bolts
 r - 71 sling bullets
 B - 7 boomerangs of dispersal
Armour
 u - a +0 kite shield (worn)
Magical Staves
 G - a staff of earth
Jewellery
 l - a ring of willpower (left tentacle)
 m - a ring of ice
Wands
 w - a wand of charming (7)
 C - a wand of polymorph (11)
Scrolls
 e - a scroll of fog
 f - a scroll of enchant armour {unknown}
 g - 3 scrolls of enchant weapon
 k - a scroll of blinking {unknown}
 n - 3 scrolls of teleportation
 p - a scroll of magic mapping
 x - a scroll of fear {unknown}
 y - a scroll of amnesia {unknown}
 D - 2 scrolls of identify
Potions
 c - a potion of might
 d - a potion of attraction {unknown}
 h - 4 potions of brilliance
 i - 4 potions of curing
 o - a potion of heal wounds
 s - a potion of resistance {unknown}
 t - a potion of haste {unknown}
 v - a potion of flight {unknown}
 z - a potion of magic {unknown}
 F - a potion of degeneration {unknown}
 H - a potion of berserk rage {unknown}


   Skills:
 + Level 6.8 Fighting
 - Level 9.0 Long Blades
 - Level 5.0 Dodging
 - Level 3.0 Stealth
 - Level 5.0 Shields
 - Level 3.0 Invocations
 + Level 0.3 Evocations


You had 8 spell levels left.
You didn't know any spells.
Your spell library was empty.

Dungeon Overview and Level Annotations

Branches:
Dungeon (7/15)             Temple (1/1) D:5

Altars:
Ashenzari
Cheibriados
Elyvilon
Fedhas
Gozag
Nemelex Xobeh
Okawaru
Ru
Sif Muna
Trog
Vehumet
Wu Jian
Xom
Yredelemnul
The Shining One

Annotations:
D:2 exclusion: downstairs
D:4 exclusion: downstairs
D:7 Dowan, Duvessa


Innate Abilities, Weirdness & Mutations

You cannot wear most types of armour.
You are amphibious.
You can wear up to eight rings at the same time.
You can use your tentacles to constrict eight enemies at once.
Your skin changes colour to match your surroundings (Stealth+).
Your rubbery body absorbs attacks. (AC +1, EV +1)
You are stealthy while swimming. (Stealth+)


Message History

Your base Fighting skill increases to level 6!
Your base Long Blades skill increases to level 9!
You closely miss the hound. You grab the hound. You squeeze the hound.
The hound is almost dead.
You constrict the hound. You block the hound's attack.
You hit the hound.
You kill the hound!
Okawaru accepts your kill.
You start resting.
Magic restored.
You start resting.
An ice beast comes into view.
Hit: a) +0 scimitar
Press: ? - help, Dir - move target
Okay, then.
Unknown command.
A sky beast comes into view.
The sky beast flickers out of sight!
Deactivating autopickup; reactivate with Ctrl-A.
A lemure comes into view.
Something hits you. Something shocks you.
You closely miss something.
You feel like a meek peon again. Something hits you. Something shocks you.
* * * LOW HITPOINT WARNING * * *
You barely miss something.
Duvessa, Sister of Dowan comes into view.
She is wielding a +1 rapier of speed.
Something hits you.
* * * LOW HITPOINT WARNING * * *
Something shocks you.
* * * LOW HITPOINT WARNING * * *
You hit something. Something hits you.
* * * LOW HITPOINT WARNING * * *
Something shocks you.
* * * LOW HITPOINT WARNING * * *
Dowan, Brother of Duvessa comes into view.
He is wielding a +0 dagger.
You miss something.
A white imp comes into view.
Something hits you.
You die...

......# #.# ####### #.# #.#
#.# # #.# ## #####.# ## #
.## #.....# ##.#.#
..####...###########.)..###(
..'......5......@Y.5e.....'.
..####...###########....###.
.#........# ##.#e#
##.###.##.# ##.# ##.# #.##.#
# #.# #.##.## #.# #.....#
#.######..# ##.........#


You could see Duvessa, an ice beast, a lemure, Dowan and a white imp.

Vanquished Creatures
  Harold (D:7)
  An orc warrior (D:5)
  A sky beast (D:6)
  2 centaurs
  3 ogres
  2 bullfrogs (D:6)
  2 scorpions (D:4)
  3 wights (D:6)
  4 howler monkeys
  3 hounds
  2 orc priests
  3 bullfrog skeletons
  An iguana (D:4)
  Jessica (D:2)
  4 orc wizards
  2 worker ants
  A killer bee zombie (D:5)
  A hound skeleton (D:5)
  Robin (D:3)
  A worker ant zombie (D:5)
  A howler monkey skeleton (D:6)
  9 adders
  A white imp (D:7)
  2 oozes
  An adder skeleton (D:4)
  2 worms (D:2)
  3 dart slugs
  A leopard gecko (D:1)
  22 orcs
  5 giant cockroaches
  19 goblins
  4 hobgoblins
  17 jackals
  4 quokkas
  6 bats
  5 frilled lizards
  4 kobolds
  2 leopard gecko skeletons
  5 rats
152 creatures vanquished.

Notes
Turn   | Place    | Note
-------+----------+-------------------------------------------
     0 | D:1      | porpoise the Octopode Fighter began the quest for the Orb.
     0 | D:1      | Reached XP level 1. HP: 16/16 MP: 1/1
    30 | D:1      | Reached skill level 1 in Stealth
   167 | D:1      | Reached XP level 2. HP: 21/21 MP: 2/2
   570 | D:1      | Reached XP level 3. HP: 21/26 MP: 3/3
  1255 | D:2      | Noticed Jessica
  1408 | D:2      | Reached XP level 4. HP: 33/33 MP: 4/4
  1446 | D:2      | Killed Jessica
  1447 | D:2      | Reached skill level 3 in Long Blades
  1627 | D:2      | Found a shimmering blue altar of Sif Muna.
  1796 | D:2      | Reached XP level 5. HP: 28/37 MP: 5/5
  2270 | D:3      | Noticed Robin
  3034 | D:3      | Killed Robin
  3087 | D:3      | Reached skill level 4 in Long Blades
  3266 | D:3      | Found a snail-covered altar of Cheibriados.
  3514 | D:3      | Reached XP level 6. HP: 44/44 MP: 6/6
  3945 | D:4      | Reached skill level 5 in Fighting
  4610 | D:4      | Reached skill level 5 in Long Blades
  4610 | D:4      | Reached XP level 7. HP: 45/50 MP: 7/7
  4982 | D:5      | Entered Level 5 of the Dungeon
  5872 | D:5      | Reached skill level 6 in Long Blades
  5872 | D:5      | Reached skill level 5 in Dodging
  5876 | D:5      | Reached XP level 8. HP: 15/55 MP: 8/8
  6749 | D:5      | Found a staircase to the Ecumenical Temple.
  6755 | Temple   | Entered the Ecumenical Temple
  6886 | Temple   | Became a worshipper of Warmaster Okawaru
  7276 | D:5      | Reached skill level 7 in Long Blades
  8443 | D:6      | Reached skill level 5 in Shields
  8616 | D:6      | Reached * piety under Okawaru
  8672 | D:6      | Reached skill level 1 in Invocations
  8721 | D:6      | Found a white marble altar of Elyvilon.
  8772 | D:6      | Reached skill level 8 in Long Blades
  9080 | D:6      | Reached XP level 9. HP: 58/61 MP: 10/10
  9535 | D:7      | Found an ornate altar of the Wu Jian Council.
  9704 | D:7      | Noticed Harold
  9721 | D:7      | HP: 1/61 [Harold/+0 battleaxe (30)]
  9727 | D:7      | Killed Harold
  9727 | D:7      | Reached ** piety under Okawaru
  9728 | D:7      | Reached skill level 9 in Long Blades
  9744 | D:7      | Noticed Duvessa
  9745 | D:7      | HP: 2/63 [something (6)]
  9745 | D:7      | Noticed Dowan
  9746 | D:7      | Slain by a sky beast

Illustrated notes

Levels and vault maps discovered:
D:1:      lightli_molten_gateway, layout_loops_ring
D:2:      layout_loops_cross, nicolae_overflow_hidden_temple, uniq_jessica
D:3:      layout_loops_ring, kennysheep_slug_shrine, uniq_robin
D:4:      layout_loops_ring, grunt_ministairs_8
D:5:      layout_loops_corners, minmay_temple_entry_steel_oval
D:6:      layout_basic, elyvilon_altar_5
D:7:      layout_loops_corners, lemuel_doored_altar, serial_shops,
          nicolae_shop_stone, uniq_harold, uniq_duvessa, uniq_pikel
Temple:   jpeg_temple_clearing

Skill      XL: |  1  2  3  4  5  6  7  8  9 |
---------------+----------------------------+-----
Stealth        | 2 3 |  3.0
Long Blades    | 3 4 5 6 8 9 |  9.0
Fighting       | 4 5 6 |  6.8
Dodging        | 5 |  5.0
Shields        | 5 |  5.0
Invocations    | 2 3 |  3.0
Evocations     | |  0.3

Action                   |  1- 3 |  4- 6 |  7- 9 || total
-------------------------+-------+-------+-------++-------
Melee: Long sword        |    50 |    95 |    53 ||   198
       Constrict         |    13 |    29 |    27 ||    69
       Tentacles         |     8 |    16 |    36 ||    60
       Scimitar          |       |       |    74 ||    74
 Fire: Hunting sling     |       |    58 |    87 ||   145
Throw: Stone             |     3 |     9 |     2 ||    14
Invok: Heroism           |       |       |     1 ||     1
  Use: Scroll            |     1 |     5 |     1 ||     7
       Potion            |       |       |     2 ||     2
 Stab: Sleeping          |     4 |     6 |     1 ||    11
       Distracted        |       |     1 |       ||     1
Armor: Skin              |     6 |     7 |     5 ||    18
Dodge: Dodged            |    19 |    36 |    58 ||   113
Block: Kite shield       |    17 |    45 |    51 ||   113
       Rpst.: Long sword |     6 |    11 |     8 ||    25
       Scimitar          |       |       |    10 ||    10

Table legend: (Time is in decaauts)
 A = Elapsed time spent in this place.
 B = Non-inter-level travel time spent in this place.
 C = Inter-level travel time spent in this place.
 D = Time resting spent in this place.
 E = Time spent auto-exploring this place.
 F = Levels seen in this place.
 G = Mean time per level.
                   A        B        C        D        E       F      G
               +--------+--------+--------+--------+--------+-----+--------+
         Total |   9868 |   9633 |    235 |   3970 |   4292 |   8 | 1233.5 |
       Dungeon |   9722 |   9508 |    214 |   3970 |   4170 |   7 | 1388.9 |
        Temple |    145 |    124 |     21 |      0 |    122 |   1 |  145.0 |
               +--------+--------+--------+--------+--------+-----+--------+

Top non-repeatable levels by time:
     D:5: 2602 daAuts
     D:2: 1615 daAuts
     D:6: 1563 daAuts
     D:4: 1281 daAuts
     D:1: 1202 daAuts
     D:3: 1188 daAuts
     D:7: 269 daAuts
  Temple: 145 daAuts
